 Dungeon Crawl Stone Soup version 0.31-a0-236-g9a0961fb85 (webtiles) character file.

Game seed: 7257266124400783181

44 qw the Shooter (level 3, -2/29 HPs)
             Began as a Minotaur Hexslinger on July 10, 2023.
             Slain by Sigmund
             ... wielding a +0 scythe
              (5 damage)
             ... on level 2 of the Dungeon.
             The game lasted 00:00:29 (1508 turns).

qw the Shooter (Minotaur Hexslinger)                Turns: 1508, Time: 00:00:29

Health: -2/29      AC:  5    Str: 12    XL:     3   Next: 39%
Magic:  3/3        EV: 16    Int: 10    God:
Gold:   56         SH:  0    Dex: 14    Spells: 3/4 levels left

rFire   . . .        Y - +1 sling
rCold   . . .        (no shield)
rNeg    . . .        d - +0 ring mail
rPois   .            (helmet restricted)
rElec   .            (no cloak)
rCorr   .            (no gloves)
SInv    .            (no boots)
Will    .....        (no amulet)
Stlth   +            h - +5 ring of evasion
HPRegen 0.24/turn    (no ring)
MPRegen 0.08/turn

%: no passive effects
@: no status effects
A: horns 2, retaliatory headbutt
a: no special abilities


You were on level 2 of the Dungeon.
You visited 1 branch of the dungeon, and saw 2 of its levels.

You collected 56 gold pieces.


Innate Abilities, Weirdness & Mutations

You have a pair of horns on your head.
You reflexively headbutt those who attack you in melee.


   Skills:
 - Level 2.0 Fighting
 - Level 4.0 Ranged Weapons
 + Level 0.0 Armour
 - Level 2.1 Dodging
 - Level 1.0 Spellcasting
 - Level 2.0 Hexes


You had 3 spell levels left.
You knew the following spells:

 Your Spells              Type           Power      Damage    Failure   Level
a - Slow                  Hex            16%        N/A       34%         1

Your spell library contained the following spells:

 Spells                   Type           Power      Damage    Failure   Level
 Inner Flame              Hex/Fire       2%         N/A       83%         3
 Portal Projectile        Hex/Tloc       4%         N/A       83%         3
 Cause Fear               Hex            2%         N/A       98%         4

Inventory:

Hand Weapons
 Y - a +1 sling (weapon)
Armour
 d - a +0 ring mail (worn)
Jewellery
 h - a +5 ring of evasion (left hand)
Scrolls
 a - a scroll of identify
 b - a scroll of noise {unknown}
 g - a scroll of fear {unknown}
 i - a scroll of enchant weapon {unknown}
Potions
 c - a potion of curing {unknown}
 e - a potion of attraction {unknown}
 f - 2 potions of heal wounds

Dungeon Overview and Level Annotations

Branches:
Dungeon (2/15)

Altars:

Annotations:
D:2 Sigmund


Message History

Sigmund completely misses you.
You shoot a sling bullet.
The sling bullet closely misses Sigmund.
Sigmund misses you.
You shoot a sling bullet.
The sling bullet completely misses Sigmund.
Sigmund misses you.
You shoot a sling bullet.
The sling bullet closely misses Sigmund.
You shoot a sling bullet.
The sling bullet hits Sigmund but does no damage.
Sigmund is heavily wounded.
Sigmund closely misses you.
You shoot a sling bullet. The sling bullet hits Sigmund.
Sigmund is severely wounded.
Sigmund drinks a potion.
Sigmund is healed!
Sigmund closely misses you.
You shoot a sling bullet. The sling bullet hits Sigmund.
Sigmund is moderately wounded.
You shoot a sling bullet. The sling bullet barely misses Sigmund.
Sigmund casts a spell.
Sigmund flickers and vanishes!
Deactivating autopickup; reactivate with Ctrl-A.
Something barely misses you.
You shoot a sling bullet. Something barely misses you.
You shoot a sling bullet. You shoot a sling bullet. Something hits you.
You shoot a sling bullet. Something hits you but does no damage.
You shoot a sling bullet.
A magic dart appears from out of thin air!
The magic dart hits you.
You shoot a sling bullet. Something hits you!
You shoot a sling bullet. Something hits you!
You shoot a sling bullet. Something hits you.
You die...

.#.#..................
............).....##
####.#########.....# #.#
##...## ##.#
##..#######. #..#
#.......... #.##
#.######### ##.####
##'## #.....# #.@%#
#.###.# #...).# #.# #.##
#...{...#
##.###..####....)....#
.%....%....+.........'.
####....####.........#.#
#.#.## ##.......##.#
#.### ##.....## #.#


There were no monsters in sight!

Vanquished Creatures
  A worm (D:2)
  A dart slug (D:1)
  3 ball pythons (D:1)
  2 bats
  6 endoplasms
  A giant cockroach (D:2)
  A goblin (D:2)
  3 hobgoblins
  6 jackals
  2 quokkas
  A frilled lizard (D:1)
  4 kobolds
  A rat (D:1)
32 creatures vanquished.

Notes
Turn   | Place    | Note
-------+----------+-------------------------------------------
     0 | D:1      | qw the Minotaur Hexslinger began the quest for the Orb.
     0 | D:1      | Reached XP level 1. HP: 16/16 MP: 1/1
     0 | D:1      | 0 ||| qw: Version: 0.3-a-52-g30416fa
     0 | D:1      | 0 ||| qw: Game counter: 4555
     0 | D:1      | 0 ||| qw: Melee chars always use a shield: true
     0 | D:1      | 0 ||| qw: God list: Okawaru
     0 | D:1      | 0 ||| qw: Allow faded altars: false
     0 | D:1      | 0 ||| qw: Do Orc after clearing Dungeon:15 true
     0 | D:1      | 0 ||| qw: Do second Lair branch before Depths: true
     0 | D:1      | 0 ||| qw: Lair rune preference: random
     0 | D:1      | 0 ||| qw: Goals: Normal
     0 | D:1      | 0 ||| PLANNING D:1-11
   482 | D:1      | Reached skill level 3 in Ranged Weapons
   484 | D:1      | Reached XP level 2. HP: 12/23 MP: 2/2
   913 | D:1      | Found a faded altar of an unknown god.
  1069 | D:1      | 1069 ||| UPGRADING to +0 ring mail.
  1079 | D:1      | 1079 ||| DROPPING +0 robe.
  1080 | D:1      | 1080 ||| UPGRADING to +5 ring of evasion.
  1081 | D:1      | 1081 ||| READING 2 scrolls labelled FUTAFI PYCRU.
  1082 | D:1      | 1082 ||| READING scroll labelled NEEGUT TEAFOMA.
  1086 | D:1      | 1086 ||| DRINKING 3 inky potions.
  1087 | D:1      | 1087 ||| DROPPING scroll of poison.
  1220 | D:2      | Reached XP level 3. HP: 29/29 MP: 3/3
  1478 | D:2      | Noticed Sigmund
  1483 | D:2      | Reached skill level 4 in Ranged Weapons
  1507 | D:2      | HP: 3/29 [something (7)]
  1508 | D:2      | Slain by Sigmund

Levels and vault maps discovered:
D:1:      mrwooster_arrival_statue, layout_loops_ring,
          shapermc_ecumenical_altar_ellora, serial_co_window_serial,
          co_window_corner_a, co_window_of_opportunity_a, co_window_paths_b,
          co_window_paths_a, co_window_paths_a, co_window_of_opportunity_b,
          co_window_paths_c, co_window_corner_cb, co_window_corner_b,
          co_window_broadway_c, co_window_4corner_b, glass_columns_a,
          glass_columns_b, glass_columns_a, glass_columns_a, glass_columns_c
D:2:      layout_loops_corners, uniq_sigmund

Skill      XL: |  1  2  3 |
---------------+----------+-----
Ranged Weapons | 3 4 |  4.0
Fighting       | 2 |  2.0
Dodging        | |  2.1
Spellcasting   | |  1.0
Hexes          | |  2.0

Action                     || total
---------------------------++-------
   Fire: Sling             ||   116
    Use: Scroll            ||     2
         Potion            ||     1
 Armour: Robe              ||     2
         Ring mail         ||     3
  Dodge: Dodged            ||    46

Table legend:
 A = Non-vault XP
 B = Vault XP
 C = Vault XP percentage of total XP
 D = Non-vault monster count
 E = Vault monster count
 F = Vault count percentage of total count
                 A         B        C        D         E       F
            +---------+---------+-------+---------+---------+-------
      Total |      63 |       0 |   0.0 |      32 |       0 |   0.0
            +---------+---------+-------+---------+---------+-------
        D:1 |      31 |       0 |   0.0 |      16 |       0 |   0.0
        D:2 |      32 |       0 |   0.0 |      16 |       0 |   0.0
            +---------+---------+-------+---------+---------+-------
